[Event "Titled Tuesday Blitz June 27 Early 2023"]
[White "Li, Eric"]
[Black "Srdanovic, Jovana"]
[WhiteFideId "30939941"]
[BlackFideId "954810"]
[WhiteElo "2246"]
[BlackElo "2391"]
[Result "1-0"]
[Round "8"]
[TimeControl "180+2"]
[Date "2023.06.27"]
[WhiteClock "0:00:11"]
[BlackClock "0:00:06"]
[Board "144"]

1. e4 c5 2. Nf3 Nc6 3. d4 cxd4 4. Nxd4 Qb6 5. Nb3 Nf6 6. Nc3 e6 7. Be3 Qc7 8. a3 a6 9. f4 d6 10. Bd3 Be7 11. O-O b5 12. Qf3 Bb7 13. Rad1 O-O 14. Qg3 b4 15. axb4 Nxb4 16. Nd2 Nxd3 17. cxd3 d5 18. e5 Nd7 19. Nf3 Bc5 20. d4 Bb4 21. f5 exf5 22. Bh6 g6 23. Bxf8 Nxf8 24. Rc1 Bxc3 25. Rxc3 Qb6 26. Qf2 Ne6 27. Rfc1 a5 28. Qd2 a4 29. h4 h5 30. Kh2 Ba6 31. Rc6 Qb3 32. Qc3 Qxc3 33. R1xc3 Bc4 34. Rd6 Rb8 35. Rc2 Rb3 36. Nd2 Nxd4 37. Rxc4 Rd3 38. Rxd4 Rxd4 39. Nf3 Rb4 40. Rxd5 Rxb2 41. Ra5 Rb4 42. Ra7 Kf8 43. Kh3 Ke8 44. Ng5 Rb3+ 45. Kh2 a3 46. Nxf7 a2 47. Nd6+ Kd8 48. Rxa2 Ke7 49. Ra6 Ke6 50. Nc4+ Ke7 51. Rxg6 Rb4 52. Rc6 Kd7 53. Rc5 Ke7 54. Kg3 f4+ 55. Kxf4 Rb2 56. g3 Rc2 57. Kg5 Rc3 58. Kxh5 Rxg3 59. Rc6 Kd7 60. Rd6+ Ke7 61. Nb6 Re3 62. Nd5+ 1-0


[Site "https://www.chess.com"]

[Event "Titled Tuesday Blitz June 27 Early 2023"]
[White "Tuleyeva-Aketayeva, Dana"]
[Black "Szente Varga, Fruzsina"]
[WhiteFideId "13701932"]
[BlackFideId "712264"]
[WhiteElo "2221"]
[BlackElo "2353"]
[Result "1-0"]
[Round "8"]
[TimeControl "180+2"]
[Date "2023.06.27"]
[WhiteClock "0:00:36"]
[BlackClock "0:00:00"]
[Board "145"]

1. d4 Nf6 2. Nf3 g6 3. g3 d5 4. Bg2 Bg7 5. O-O O-O 6. Ne5 c6 7. c4 dxc4 8. Nxc4 Be6 9. Ne5 Nbd7 10. Nxd7 Qxd7 11. Nc3 Bh3 12. e3 Bxg2 13. Kxg2 Rad8 14. Qb3 c5 15. dxc5 Qc6+ 16. Kg1 h5 17. Qb5 Qc7 18. e4 h4 19. Bf4 e5 20. Bg5 hxg3 21. hxg3 Rc8 22. Bxf6 Bxf6 23. Nd5 Qd8 24. Rad1 Bg7 25. b4 Qg5 26. Qxb7 Rb8 27. Qxa7 Qg4 28. c6 Qxe4 29. c7 Ra8 30. Qc5 Kh7 31. Nb6 Rac8 32. Nxc8 Rxc8 33. Rd8 Qf5 34. Rxc8 Qxc8 35. b5 Bf8 36. Qc4 Bd6 37. Qxf7+ Kh6 38. b6 Qb7 39. Qc4 Qc8 40. a4 e4 41. Qxe4 1-0


[Site "https://www.chess.com"]

[Event "Titled Tuesday Blitz June 27 Early 2023"]
[White "Clawitter, Craig"]
[Black "Fajdetic, Hrvoje"]
[WhiteFideId "2023105"]
[BlackFideId "14501945"]
[WhiteElo "2220"]
[BlackElo "2347"]
[Result "1/2-1/2"]
[Round "8"]
[TimeControl "180+2"]
[Date "2023.06.27"]
[WhiteClock "0:00:11"]
[BlackClock "0:00:10"]
[Board "146"]

1. e4 c5 2. Nf3 a6 3. c3 d5 4. exd5 Qxd5 5. d4 Bg4 6. Be2 e6 7. O-O Nf6 8. Be3 Nbd7 9. c4 Qd6 10. Nc3 Rc8 11. Re1 Be7 12. dxc5 Nxc5 13. Qxd6 Bxd6 14. Rad1 Bb8 15. Bd4 O-O 16. Ne5 Bxe2 17. Rxe2 b5 18. cxb5 axb5 19. Nxb5 Nce4 20. f3 Nd6 21. Nxd6 Bxd6 22. Nxf7 Kxf7 23. Bxf6 Bxh2+ 24. Kxh2 gxf6 25. Rd7+ Kg6 26. Rxe6 Rc2 27. Rb6 Re8 28. Kh3 Ree2 29. g4 Rxb2 30. Rxb2 Rxb2 31. a4 Ra2 32. Ra7 h5 33. gxh5+ Kxh5 34. Kg3 Kg5 35. a5 Kf5 36. a6 Ra4 37. Ra8 Ra3 38. a7 Ra4 39. Kf2 Kf4 40. Ke2 Ra3 41. Rf8 Rxa7 42. Rxf6+ Ke5 43. Rf8 Ra3 44. Kf2 Ke6 45. Kg3 Ke7 46. Rf4 Ke6 47. Kg4 Ra5 48. Rf8 Rb5 49. f4 Ra5 50. f5+ Ke7 51. Rb8 Ra1 52. Rb7+ Kf6 53. Rb6+ Kf7 54. Rb7+ Kf6 55. Rb6+ Kf7 56. Kg5 Rg1+ 57. Kf4 Rf1+ 58. Ke5 Re1+ 59. Kf4 Rf1+ 60. Kg5 Rg1+ 61. Kf4 Rf1+ 1/2-1/2


[Site "https://www.chess.com"]

[Event "Titled Tuesday Blitz June 27 Early 2023"]
[White "Ishowmoves57"]
[Black "Adireddy Arjun"]
[BlackFideId "25647709"]
[WhiteElo "2090"]
[BlackElo "2330"]
[Result "1/2-1/2"]
[Round "8"]
[TimeControl "180+2"]
[Date "2023.06.27"]
[WhiteClock "0:00:13"]
[BlackClock "0:00:04"]
[Board "147"]

1. e4 c5 2. Nf3 d6 3. b3 Nc6 4. Bb2 e5 5. c3 Nf6 6. Bd3 Be7 7. Bc2 O-O 8. O-O Bg4 9. h3 Bh5 10. d3 Qc8 11. Nbd2 b5 12. a4 a6 13. axb5 axb5 14. Rxa8 Qxa8 15. Qa1 Nd7 16. Qxa8 Rxa8 17. Ra1 Rxa1+ 18. Bxa1 f6 19. c4 Nb4 20. Bb1 bxc4 21. bxc4 Nb8 22. g4 Be8 23. Kf1 Ba4 24. Ke2 N8c6 25. Ne1 Kf7 26. Ndf3 Ke6 27. Kd2 g6 28. Bc3 Bd8 29. Bc2 Nxc2 30. Nxc2 f5 31. exf5+ gxf5 32. Ne3 fxg4 33. hxg4 Nd4 34. Bxd4 cxd4 35. Nd5 Bc6 36. Ke2 Bxd5 37. cxd5+ Kxd5 38. Nd2 Ke6 39. f4 exf4 40. Kf3 h6 41. Ne4 Bg5 42. Nd2 Kd5 43. Nc4 Kc5 44. Ke2 d5 45. Ne5 Kb4 46. Nc6+ Kc3 47. Ne5 Bf6 48. Nf3 Bg7 49. Ne1 Be5 50. Nf3 Bf6 51. Ng1 Bh4 52. Nf3 Bf6 53. Ng1 Kc2 54. Nf3 Kb3 55. Ng1 Kb4 56. Nf3 Kc5 57. Nd2 Kd6 58. Kf3 Be5 59. Nb3 Kc6 60. Nd2 Kc5 61. Ke2 Kd6 62. Nf3 Ke6 63. Nd2 Kf6 64. Kf3 Ke6 65. Nb3 Kd6 66. Nd2 Kc5 67. Ke2 Bd6 68. Nf3 Bc7 69. Ng1 Kb4 70. Nf3 Kc3 71. Ng1 Bd6 72. Nf3 h5 73. gxh5 Bf8 74. Ne5 Bh6 75. Nf3 Bg7 76. Ng1 Bh6 77. Nf3 Bg7 78. Nh4 Bh6 79. Nf3 1/2-1/2


[Site "https://www.chess.com"]

[Event "Titled Tuesday Blitz June 27 Early 2023"]
[White "Biriukov, Ilja"]
[Black "Ho, In Hei Henry"]
[WhiteFideId "4113373"]
[BlackFideId "6002552"]
[WhiteElo "2299"]
[BlackElo "2026"]
[Result "0-1"]
[Round "8"]
[TimeControl "180+2"]
[Date "2023.06.27"]
[WhiteClock "0:00:19"]
[BlackClock "0:00:43"]
[Board "148"]

1. c4 c5 2. Nc3 Nc6 3. g3 g6 4. Bg2 Bg7 5. e3 Nf6 6. Nge2 d6 7. O-O O-O 8. d3 a6 9. a3 Rb8 10. Rb1 Bd7 11. b4 cxb4 12. axb4 b5 13. cxb5 axb5 14. Qb3 Ne5 15. Rd1 Be6 16. Qc2 Qb6 17. Nd4 Bd7 18. f4 Nc6 19. Ncxb5 Rfc8 20. Qd2 Ng4 21. h3 Nxd4 22. Nxd4 Nxe3 23. Kh2 Bxd4 24. Re1 Nxg2 25. Qxg2 Bf6 26. g4 e6 27. g5 Bc3 28. h4 0-1


[Site "https://www.chess.com"]

[Event "Titled Tuesday Blitz June 27 Early 2023"]
[White "Vargas Rodriguez, Wilver"]
[Black "Lehtosaari, Mauri"]
[WhiteFideId "3509672"]
[BlackFideId "501999"]
[WhiteElo "2145"]
[BlackElo "2481"]
[Result "0-1"]
[Round "8"]
[TimeControl "180+2"]
[Date "2023.06.27"]
[WhiteClock "0:00:00"]
[BlackClock "0:02:00"]
[Board "149"]

1. Nf3 d5 2. c4 Nf6 3. cxd5 c6 4. dxc6 Bg4 5. cxb7 Bxf3 6. gxf3 Nbd7 7. bxa8=Q Qxa8 8. Nc3 e6 9. d3 Bb4 10. Bd2 O-O 11. Rg1 Bxc3 12. Bxc3 g6 13. Qd2 Nd5 14. Bg2 Rc8 15. f4 Qb8 16. Bxd5 exd5 17. Qe3 Re8 18. Qd4 f6 19. e3 Qb7 20. f5 Kf7 21. fxg6+ hxg6 22. Qh4 Kg7 23. O-O-O Rc8 24. Qd4 Qc6 25. Rg3 Kf7 26. Rdg1 g5 27. Rxg5 fxg5 28. Qg7+ Ke8 29. Qg8+ Nf8 30. Rxg5 Rc7 31. Rf5 Qd6 32. Kd2 d4 33. Bxd4 Qb4+ 34. Bc3 Qe7 0-1


[Site "https://www.chess.com"]

[Event "Titled Tuesday Blitz June 27 Early 2023"]
[White "deloewre"]
[Black "Tikhonov, Viacheslav"]
[BlackFideId "44196407"]
[WhiteElo "2133"]
[BlackElo "2448"]
[Result "0-1"]
[Round "8"]
[TimeControl "180+2"]
[Date "2023.06.27"]
[WhiteClock "0:00:49"]
[BlackClock "0:00:34"]
[Board "150"]

1. c4 Nf6 2. Nc3 g6 3. e4 c5 4. e5 Ng8 5. d4 cxd4 6. Qxd4 Nc6 7. Qe4 Bg7 8. Nf3 f6 9. exf6 Nxf6 10. Qh4 O-O 11. Be2 d6 12. O-O e5 13. Bg5 Qb6 14. b3 Bf5 15. Rad1 e4 16. Nd2 Nd4 17. Be3 Nxe2+ 18. Nxe2 Qa5 19. Ng3 Qxa2 20. Ndxe4 Nxe4 21. Nxe4 Qxb3 22. Ng5 h5 23. Rxd6 Rad8 24. Rxd8 Rxd8 25. Ne6 Rd1 26. Nxg7 Rxf1+ 27. Kxf1 Qd1# 0-1


[Site "https://www.chess.com"]

[Event "Titled Tuesday Blitz June 27 Early 2023"]
[White "Jaivardhan Raj"]
[Black "Grossboss19"]
[WhiteFideId "25744437"]
[WhiteElo "2095"]
[BlackElo "2397"]
[Result "0-1"]
[Round "8"]
[TimeControl "180+2"]
[Date "2023.06.27"]
[WhiteClock "0:01:04"]
[BlackClock "0:02:20"]
[Board "151"]

1. e4 c5 2. Nf3 Nc6 3. d4 cxd4 4. Nxd4 e6 5. Nc3 Nf6 6. Be3 Bb4 7. f3 O-O 8. a3 Bxc3+ 9. bxc3 d5 10. Nxc6 bxc6 11. exd5 Nxd5 12. Bc5 Re8 13. c4 Qa5+ 14. Qd2 Qxc5 15. cxd5 exd5+ 16. Be2 Ba6 0-1


[Site "https://www.chess.com"]

[Event "Titled Tuesday Blitz June 27 Early 2023"]
[White "Georg, Heinz"]
[Black "Semenova, Alina"]
[WhiteFideId "4607295"]
[BlackFideId "24113875"]
[WhiteElo "2278"]
[BlackElo "2056"]
[Result "0-1"]
[Round "8"]
[TimeControl "180+2"]
[Date "2023.06.27"]
[WhiteClock "0:00:07"]
[BlackClock "0:00:13"]
[Board "152"]

1. e4 e6 2. c4 d5 3. cxd5 exd5 4. exd5 Nf6 5. Nc3 Nxd5 6. Bc4 Nxc3 7. bxc3 Be7 8. d4 O-O 9. Ne2 a6 10. a4 Bf5 11. O-O Nd7 12. f4 Nb6 13. Bb3 c5 14. Ng3 Bd7 15. a5 c4 16. Ba2 Nd5 17. Bd2 Rc8 18. f5 Qc7 19. Qg4 f6 20. Nh5 Rf7 21. Rae1 Bd6 22. Kh1 Qxa5 23. Bb1 b5 24. Be4 Bc6 25. Qf3 Ne7 26. Bxc6 Nxc6 27. Qd5 Qc7 28. Re6 Bf8 29. Bf4 Qd7 30. Qe4 b4 31. d5 Ne7 32. d6 Nc6 33. Qxc4 bxc3 34. Rxf6 Nd8 35. Rxf7 Nxf7 36. Qe6 Qxe6 37. fxe6 Nxd6 38. Bc1 Re8 39. Re1 Nb5 40. Nf4 Bd6 41. Nd5 c2 42. g3 Nd4 43. e7 Nb3 44. Bf4 Bxf4 45. gxf4 c1=Q 46. Rxc1 Nxc1 47. f5 Nd3 48. f6 gxf6 49. Nxf6+ Kf7 50. Nxe8 Kxe8 51. Kg2 Kxe7 52. Kf3 Ne5+ 53. Ke4 Ng6 54. Kf5 a5 55. Ke4 Kf6 56. Kd4 Kg5 57. Kc4 Kh4 58. Kb5 Kh3 59. Kxa5 Kxh2 60. Kb4 Kg3 61. Kc3 h5 0-1


[Site "https://www.chess.com"]

[Event "Titled Tuesday Blitz June 27 Early 2023"]
[White "Ajavon, Anthony Obieni"]
[Black "Mishra, Manoj"]
[WhiteFideId "12600784"]
[BlackFideId "5006007"]
[WhiteElo "2009"]
[BlackElo "2216"]
[Result "1/2-1/2"]
[Round "8"]
[TimeControl "180+2"]
[Date "2023.06.27"]
[WhiteClock "0:00:04"]
[BlackClock "0:00:21"]
[Board "153"]

1. d4 Nf6 2. c4 e6 3. Nc3 Bb4 4. Qc2 d6 5. Bg5 Nbd7 6. Nf3 h6 7. Bxf6 Nxf6 8. Qa4+ Bd7 9. Qxb4 a5 10. Qb3 a4 11. Qc2 a3 12. b3 c5 13. e3 Qa5 14. Bd3 cxd4 15. Nxd4 e5 16. Nf5 Bxf5 17. Bxf5 g6 18. Bd3 d5 19. O-O e4 20. Be2 O-O 21. Nxd5 Nxd5 22. cxd5 Qxd5 23. Rfd1 Qf5 24. Rd4 Rac8 25. Qxe4 Qf6 26. Rad1 Rfe8 27. Qxb7 Rc2 28. Qb5 Rec8 29. Rf4 Qb2 30. Bc4 Rf8 31. Rxf7 Rxf7 32. Qe8+ Kh7 33. Qxf7+ Qg7 34. Qxg7+ Kxg7 35. b4 Rxc4 36. f3 Rxb4 37. Rd3 Rb1+ 38. Kf2 Rb2+ 39. Kg3 Rxa2 40. Rd7+ Kf6 41. Ra7 Ra1 42. e4 Ke5 43. Ra5+ Kd4 44. Ra6 h5 45. Rxg6 Rc1 46. Ra6 Rc3 47. Ra4+ Ke3 48. e5 Ke2 49. Kh4 Kf1 50. f4 Kxg2 51. Kxh5 Kxh2 52. Kg5 Rg3+ 53. Kf6 Kh3 54. f5 Rc3 55. e6 a2 56. Rxa2 Kg4 57. Ra7 Kh5 58. Rg7 Rc6 59. Rg5+ Kh6 60. Rg6+ Kh7 61. Kf7 Rc5 62. Kf6 Rc6 63. Ke5 Rc5+ 64. Kd6 Rxf5 65. Rg4 Rf1 66. e7 Rd1+ 67. Ke5 Re1+ 68. Re4 Ra1 69. e8=Q Ra5+ 70. Kf4 Rf5+ 71. Kxf5 Kg7 72. Rh4 1/2-1/2


[Site "https://www.chess.com"]

[Event "Titled Tuesday Blitz June 27 Early 2023"]
[White "Vargas, Mauricio"]
[Black "campochess"]
[WhiteFideId "4404572"]
[WhiteElo "1846"]
[BlackElo "2170"]
[Result "0-1"]
[Round "8"]
[TimeControl "180+2"]
[Date "2023.06.27"]
[WhiteClock "0:01:11"]
[BlackClock "0:02:26"]
[Board "155"]

1. e4 c5 2. Nf3 Nc6 3. d4 cxd4 4. Nxd4 e5 5. Nf3 Bc5 6. Nc3 a6 7. Bc4 Nf6 8. O-O O-O 9. Bg5 Be7 10. Qe1 d6 11. Nd5 Nxd5 12. Bxd5 Bxg5 13. Nxg5 Qxg5 14. f4 exf4 0-1


[Site "https://www.chess.com"]

[Event "Titled Tuesday Blitz June 27 Early 2023"]
[White "Larina, Maria"]
[Black "Torres Dominguez, David"]
[WhiteFideId "24113182"]
[BlackFideId "2220857"]
[WhiteElo "2187"]
[BlackElo "2104"]
[Result "1-0"]
[Round "8"]
[TimeControl "180+2"]
[Date "2023.06.27"]
[WhiteClock "0:00:37"]
[BlackClock "0:00:00"]
[Board "156"]

1. e4 e5 2. Nf3 d6 3. d4 exd4 4. Nxd4 Nf6 5. Nc3 Be7 6. Bg5 O-O 7. f3 c6 8. Qd2 Re8 9. O-O-O Nbd7 10. Kb1 Bf8 11. h4 Qc7 12. Nf5 d5 13. exd5 Nxd5 14. Nxd5 cxd5 15. Qxd5 Nb6 16. Qd3 Be6 17. b3 a5 18. a4 Nd5 19. Bd2 Red8 20. Nd4 Nb4 21. Bxb4 axb4 22. Be2 Qg3 23. Qe4 Bd5 24. Qe3 Re8 25. Qd2 Rad8 26. Bb5 Bc6 27. Qg5 Bxb5 28. Qxg3 1-0


[Site "https://www.chess.com"]

[Event "Titled Tuesday Blitz June 27 Early 2023"]
[White "Guevara Sanchez, Erick Marvin"]
[Black "Tarnowska, Aleksandra"]
[WhiteFideId "6700136"]
[BlackFideId "1180967"]
[WhiteElo "1996"]
[BlackElo "2154"]
[Result "0-1"]
[Round "8"]
[TimeControl "180+2"]
[Date "2023.06.27"]
[WhiteClock "0:00:22"]
[BlackClock "0:00:09"]
[Board "157"]

1. e4 c5 2. Nf3 e6 3. d4 cxd4 4. Nxd4 a6 5. Bd3 Bc5 6. Nb3 Be7 7. c4 Qc7 8. Nc3 d6 9. O-O Nf6 10. Be3 Nbd7 11. f4 g6 12. Nd4 Nc5 13. Rc1 h5 14. b4 Nxd3 15. Qxd3 Bd7 16. a4 Ng4 17. Bd2 Rc8 18. h3 Nf6 19. Nce2 Qb8 20. Be3 Bxa4 21. Nf3 Bc6 22. e5 Bxf3 23. Rxf3 dxe5 24. fxe5 Qxe5 25. Bd4 Qd6 26. c5 Qd7 27. Qc3 Nd5 28. Qc4 Rh7 29. Rd1 Qb5 30. Qc2 Nxb4 31. Qe4 Qc6 32. Qe5 Nc2 33. Bc3 Qxc5+ 34. Qxc5 Rxc5 35. Kh1 Na3 36. Bb4 Rc2 37. Nd4 Rc4 38. Bxa3 Bxa3 39. Rxa3 Ke7 40. Rad3 Rh8 41. Nf3 Rhc8 42. Rd7+ Kf6 43. Rxb7 R8c7 44. Rb6 R7c6 45. Rb8 a5 46. Ra8 a4 47. Ra1 Rb6 48. R8xa4 Rc2 49. Ne1 Re2 50. R4a2 Rbb2 51. Rxb2 Rxb2 52. Nf3 g5 53. Kg1 g4 54. hxg4 hxg4 55. Nd4 Kg5 56. Rf1 Rd2 57. Nb3 Rd3 58. Nc1 Rd7 59. Ne2 f5 60. Nf4 e5 61. Ne6+ Kf6 62. Nf8 Rf7 63. Kf2 Rxf8 64. Rh1 Rg8 65. Rh6+ Rg6 66. Rh8 Kg5 67. Re8 e4 68. g3 Kf6 69. Rf8+ Kg7 70. Rxf5 Rf6 71. Rxf6 Kxf6 72. Ke2 Ke6 73. Kd2 Kd5 74. Ke2 Kd4 75. Kd2 e3+ 76. Ke2 Ke4 77. Kf1 Kf3 78. Kg1 Kxg3 79. Kh1 e2 80. Kg1 e1=Q# 0-1


[Site "https://www.chess.com"]

[Event "Titled Tuesday Blitz June 27 Early 2023"]
[White "Floresvillar Gonzalez, Luis Migu"]
[Black "Skiadopoulos, Nikolaos"]
[WhiteFideId "5100542"]
[BlackFideId "4200772"]
[WhiteElo "2118"]
[BlackElo "1919"]
[Result "1/2-1/2"]
[Round "8"]
[TimeControl "180+2"]
[Date "2023.06.27"]
[WhiteClock "0:00:03"]
[BlackClock "0:01:05"]
[Board "158"]

1. e4 c5 2. d4 cxd4 3. c3 dxc3 4. Nxc3 Nc6 5. Nf3 a6 6. Bc4 e6 7. Qe2 Bb4 8. O-O Bxc3 9. bxc3 Nge7 10. Bg5 f6 11. Be3 b5 12. Bd3 O-O 13. Rfd1 Ne5 14. Bc2 Nxf3+ 15. Qxf3 Bb7 16. Rd6 Nf5 17. Rd2 Nxe3 18. Qxe3 Qc7 19. Rad1 Rf7 20. Qh3 Rc8 21. e5 f5 22. f4 Bd5 23. Bb3 Bxb3 24. axb3 Qxc3 25. Qxc3 Rxc3 26. b4 Rc7 27. Rd6 Ra7 28. Ra1 Kf8 29. Raxa6 Rxa6 30. Rxa6 g5 31. g3 gxf4 32. gxf4 Rg7+ 33. Kf2 Rg4 34. Kf3 Rh4 35. Kg3 Rg4+ 36. Kf3 Rh4 37. Rb6 Rxh2 38. Rxb5 Rb2 39. Rb8+ Ke7 40. b5 h5 41. Kg3 Rb4 42. b6 h4+ 43. Kxh4 Rxf4+ 44. Kg3 Rb4 45. b7 Kf7 46. Kf3 Ke7 47. Ke3 Kf7 48. Kf3 Ke7 49. Ke3 Kf7 50. Kf3 1/2-1/2


[Site "https://www.chess.com"]

[Event "Titled Tuesday Blitz June 27 Early 2023"]
[White "Winkels, Marcel"]
[Black "Castillo Pena, Patricia Evarista"]
[WhiteFideId "1003887"]
[BlackFideId "6412106"]
[WhiteElo "2110"]
[BlackElo "1902"]
[Result "1-0"]
[Round "8"]
[TimeControl "180+2"]
[Date "2023.06.27"]
[WhiteClock "0:00:46"]
[BlackClock "0:00:56"]
[Board "159"]

1. e4 c5 2. Nf3 d6 3. Bb5+ Bd7 4. c4 a6 5. Bxd7+ Qxd7 6. Nc3 Nf6 7. O-O e6 8. d4 cxd4 9. Nxd4 Nc6 10. h3 Be7 11. Be3 O-O 12. f4 Rac8 13. b3 b5 14. cxb5 Nxd4 15. Bxd4 e5 16. fxe5 dxe5 17. Bxe5 Qxd1 18. Raxd1 axb5 19. Bxf6 Bxf6 20. Nxb5 Rb8 21. a4 Rfe8 22. Rfe1 Bh4 23. Re2 h6 24. Rd4 Bg3 25. Rd3 Be5 26. Rc2 Red8 27. Rxd8+ Rxd8 28. a5 Bg3 29. Rc1 Ra8 30. b4 Bf4 31. Rb1 Be3+ 32. Kf1 Rb8 33. Nc7 Bd2 34. a6 Be3 35. b5 Bb6 36. Nd5 Ba7 37. b6 Kf8 38. bxa7 1-0


[Site "https://www.chess.com"]

[Event "Titled Tuesday Blitz June 27 Early 2023"]
[White "Mangialardo, Tiago Carvalho"]
[Black "Pein, Jonathan"]
[WhiteFideId "2130718"]
[BlackFideId "417092"]
[WhiteElo "2138"]
[BlackElo "2396"]
[Result "0-1"]
[Round "8"]
[TimeControl "180+2"]
[Date "2023.06.27"]
[WhiteClock "0:00:00"]
[BlackClock "0:02:24"]
[Board "160"]

1. e4 e5 2. Nf3 d6 3. d4 exd4 4. Nxd4 Nf6 5. Nc3 g6 6. Be2 Bg7 7. Be3 O-O 8. h4 Re8 9. f3 d5 10. Qd2 c5 11. Ndb5 d4 12. O-O-O Nc6 13. Nd5 Nxd5 14. exd5 dxe3 15. Qe1 Nd4 16. Nc3 Bf5 17. Bd3 Bxd3 18. Rxd3 Qa5 19. Kb1 b5 20. Ne4 b4 21. h5 Nb5 22. hxg6 hxg6 23. Qh4 Nc3+ 24. bxc3 bxc3 0-1


[Site "https://www.chess.com"]

[Event "Titled Tuesday Blitz June 27 Early 2023"]
[White "Tosic, Srecko"]
[Black "Politov, Pavel Y."]
[WhiteFideId "924563"]
[BlackFideId "24110515"]
[WhiteElo "2307"]
[BlackElo "2085"]
[Result "1-0"]
[Round "8"]
[TimeControl "180+2"]
[Date "2023.06.27"]
[WhiteClock "0:00:42"]
[BlackClock "0:00:09"]
[Board "161"]

1. e3 d5 2. d4 Nf6 3. Bd3 c5 4. c3 Nc6 5. Nf3 e6 6. O-O Bd6 7. Nbd2 O-O 8. Re1 Bd7 9. dxc5 Bxc5 10. e4 dxe4 11. Nxe4 Nxe4 12. Bxe4 Be7 13. Bf4 f6 14. Qc2 f5 15. Bd3 Rc8 16. Bc4 Rf6 17. Rad1 Qe8 18. Bg5 Rg6 19. Bxe7 Nxe7 20. Ne5 Rh6 21. Rxd7 Rxc4 22. Rxe7 Qxe7 23. Nxc4 Qh4 24. Qd3 Qxh2+ 25. Kf1 Qh1+ 26. Ke2 Qh5+ 27. Kd2 Qg5+ 28. Kc2 Rf6 29. Qd8+ Kf7 30. Ne5# 1-0


[Site "https://www.chess.com"]

[Event "Titled Tuesday Blitz June 27 Early 2023"]
[White "Wesolowska, Hanna"]
[Black "Dahlgren, James Allen"]
[WhiteFideId "1104683"]
[BlackFideId "22256873"]
[WhiteElo "2130"]
[BlackElo "2131"]
[Result "1-0"]
[Round "8"]
[TimeControl "180+2"]
[Date "2023.06.27"]
[WhiteClock "0:01:03"]
[BlackClock "0:00:00"]
[Board "162"]

1. e4 e6 2. Nc3 d5 3. d4 Bb4 4. e5 c5 5. Bd2 Nc6 6. Nb5 Bxd2+ 7. Qxd2 Nxd4 8. Nd6+ Kf8 9. c3 Nf5 10. Nxf5 exf5 11. O-O-O Be6 12. Nf3 Ne7 13. h4 h6 14. h5 a6 15. Qf4 b5 16. Bd3 Qa5 17. Kb1 b4 18. c4 g5 19. hxg6 Nxg6 20. Qd2 dxc4 21. Bxc4 Bxc4 22. Qd6+ Kg8 23. b3 Be6 24. Qc6 Rc8 25. Qb7 Qc7 26. Qxa6 Nxe5 27. Rhe1 Nxf3 28. Rxe6 Nd4 29. Re7 Qxe7 30. Qxc8+ Kg7 31. g4 Qe4+ 32. Ka1 Rxc8 33. gxf5 Qxf5 34. Rg1+ Kh7 35. f4 Nc2+ 36. Kb2 Rd8 37. Rg2 Re8 38. Rxc2 1-0


[Site "https://www.chess.com"]

[Event "Titled Tuesday Blitz June 27 Early 2023"]
[White "Hakobyan, Aram"]
[Black "Andreikin, Dmitry"]
[WhiteFideId "13306677"]
[BlackFideId "4158814"]
[WhiteElo "3009"]
[BlackElo "3015"]
[Result "1/2-1/2"]
[Round "9"]
[TimeControl "180+2"]
[Date "2023.06.27"]
[WhiteClock "0:00:04"]
[BlackClock "0:00:22"]
[Board "1"]

1. d4 Nf6 2. c4 e6 3. Nc3 d5 4. Nf3 a6 5. cxd5 exd5 6. Bg5 Be6 7. e3 Nbd7 8. Bd3 h6 9. Bh4 Bd6 10. O-O O-O 11. Rc1 c6 12. Nd2 Re8 13. h3 Qc7 14. f4 Bxh3 15. gxh3 Rxe3 16. Nf3 Bxf4 17. Rc2 Rae8 18. Rg2 Ne4 19. Qc2 Ndf6 20. Nd1 Nh5 21. Nxe3 Bxe3+ 22. Kh1 Nhg3+ 23. Bxg3 Nxg3+ 24. Rxg3 Qxg3 25. Qg2 Bf4 26. Qxg3 Bxg3 27. Kg2 Bc7 28. Re1 Rxe1 29. Nxe1 g6 30. Kf2 Kg7 31. Be2 f5 32. Nd3 Bd6 33. b4 b6 34. a3 Kf6 35. Ne5 Bxe5 36. dxe5+ Kxe5 37. Bxa6 c5 38. bxc5 bxc5 39. a4 c4 40. a5 Kd4 41. Bb7 Kc5 42. a6 Kb6 43. Ke3 c3 44. Bxd5 Kxa6 45. Kd3 Kb6 46. Bf7 g5 47. Be6 g4 48. hxg4 fxg4 49. Bxg4 h5 50. Bxh5 c2 51. Kxc2 1/2-1/2


[Site "https://www.chess.com"]

[Event "Titled Tuesday Blitz June 27 Early 2023"]
[White "Tari, Aryan"]
[Black "Makhnev, Denis"]
[WhiteFideId "1510045"]
[BlackFideId "13707647"]
[WhiteElo "2944"]
[BlackElo "2923"]
[Result "0-1"]
[Round "9"]
[TimeControl "180+2"]
[Date "2023.06.27"]
[WhiteClock "0:00:00"]
[BlackClock "0:00:09"]
[Board "2"]

1. e4 e5 2. Nf3 Nc6 3. d4 exd4 4. Nxd4 Qf6 5. Nxc6 Bc5 6. Qf3 dxc6 7. Nc3 Be6 8. Be3 Qxf3 9. gxf3 Bb6 10. O-O-O Ne7 11. Rg1 g6 12. f4 f5 13. Bxb6 axb6 14. f3 O-O 15. Bh3 b5 16. a3 Rae8 17. Kd2 Nc8 18. e5 Nb6 19. Bf1 Rd8+ 20. Kc1 Rxd1+ 21. Kxd1 Rd8+ 22. Ke1 b4 23. axb4 Rd4 24. Ne2 Rxb4 25. b3 c5 26. Kd2 Nd5 27. h3 Nxf4 28. Nxf4 Rxf4 29. Ke3 Rd4 30. Bd3 f4+ 31. Ke2 Bxh3 32. Bc4+ Kg7 33. Ra1 Bd7 34. Ra8 Bc6 35. Rc8 Rd7 36. Rg8+ Kh6 37. Rf8 Re7 38. Rxf4 Rxe5+ 39. Kf2 Re7 40. Rf8 Kg7 41. Rg8+ Kf6 42. Rf8+ Ke5 43. c3 Bd5 44. Bd3 Bxb3 45. f4+ Kd6 46. c4 c6 47. Rh8 Kc7 48. Kf3 Kb6 49. Ra8 Rd7 50. Ke3 Rd4 51. f5 gxf5 0-1


[Site "https://www.chess.com"]

[Event "Titled Tuesday Blitz June 27 Early 2023"]
[White "So, Wesley"]
[Black "Demchenko, Anton"]
[WhiteFideId "5202213"]
[BlackFideId "4160258"]
[WhiteElo "3105"]
[BlackElo "2940"]
[Result "1-0"]
[Round "9"]
[TimeControl "180+2"]
[Date "2023.06.27"]
[WhiteClock "0:00:14"]
[BlackClock "0:00:00"]
[Board "3"]

1. e4 e5 2. Nf3 Nc6 3. Bb5 a6 4. Ba4 Nge7 5. c3 Ng6 6. d4 exd4 7. cxd4 Bb4+ 8. Bd2 O-O 9. Bxb4 Nxb4 10. a3 Nc6 11. Nc3 d6 12. O-O b5 13. Bb3 Bg4 14. Kh1 Na5 15. Ba2 Nh4 16. Qd3 Bxf3 17. gxf3 Qf6 18. Rac1 c6 19. Ne2 Qxf3+ 20. Qxf3 Nxf3 21. Kg2 Nd2 22. Rfd1 Nxe4 23. b4 Nc4 24. Bxc4 bxc4 25. Rxc4 a5 26. d5 cxd5 27. Rxd5 axb4 28. Rxe4 bxa3 29. Rd1 a2 30. Ra1 Ra6 31. Nc3 Rc6 32. Re3 g6 33. Rxa2 Kg7 34. Ra7 Rc5 35. Ne4 Re5 36. Nxd6 Rxe3 37. fxe3 Kf6 38. Kf3 h6 39. Ra6 Ke7 40. Nc4 Rb8 41. Ne5 Rb2 42. h3 Rh2 43. Kg3 Re2 44. Ra7+ Ke6 45. Nxf7 Rxe3+ 46. Kg4 h5+ 47. Kh4 Kf6 48. Ng5 1-0


[Site "https://www.chess.com"]

[Event "Titled Tuesday Blitz June 27 Early 2023"]
[White "Martinez Alcantara, Jose Eduardo"]
[Black "Ibarra Jerez, Jose Carlos"]
[WhiteFideId "3805662"]
[BlackFideId "2226332"]
[WhiteElo "2999"]
[BlackElo "2892"]
[Result "1-0"]
[Round "9"]
[TimeControl "180+2"]
[Date "2023.06.27"]
[WhiteClock "0:00:34"]
[BlackClock "0:00:00"]
[Board "4"]

1. e4 e5 2. Nf3 d6 3. Nc3 Nf6 4. Bc4 Be7 5. d3 O-O 6. a3 c6 7. Ba2 Nbd7 8. O-O Nc5 9. Be3 Ne6 10. Ne2 Ng4 11. Ng3 Nxe3 12. fxe3 g6 13. Kh1 Kg7 14. d4 Ng5 15. c3 Nxf3 16. Qxf3 Bg5 17. Rf2 Qe7 18. Raf1 f6 19. h3 Bd7 20. Qe2 Rae8 21. Rf3 Bh4 22. Bb1 c5 23. Bd3 Bc6 24. d5 Bd7 25. Bb5 a6 26. Bxd7 Qxd7 27. Qd3 Bxg3 28. Rxg3 Qb5 29. Qb1 Qc4 30. Rgf3 Rf7 31. Qc2 Qb5 32. c4 Qd7 33. g4 b5 34. Kg2 Ref8 35. R1f2 h6 36. Rg3 Qb7 37. h4 bxc4 38. Qxc4 Qb5 39. Qc2 c4 40. Qe2 Qb3 41. Qf3 Qd3 42. h5 g5 43. Qf5 Kg8 44. Rgf3 Rg7 45. Kh2 Kh8 46. Qe6 Qxe4 47. Rxf6 Rxf6 48. Rxf6 Rg8 49. Rxh6+ 1-0


[Site "https://www.chess.com"]